 Dungeon Crawl Stone Soup version 0.20-a0-795-ga03948b (webtiles) character file.

949 Beneditct the Covert (level 7, -18/35 HPs)
             Began as a Spriggan Enchanter on Mar 1, 2017.
             Killed from afar by a deep elf knight (29 damage)
             ... with an orb of energy
             ... on level 5 of the Dungeon.
             The game lasted 00:17:56 (9194 turns).

Beneditct the Covert (Spriggan Enchanter)           Turns: 9194, Time: 00:17:57

Health: -18/35     AC:  5    Str:  9    XL:     7   Next: 89%
Magic:  3/13       EV: 19    Int: 18    God:
Gold:   283        SH:  0    Dex: 17    Spells: 1/14 levels left

rFire    . . .     SeeInvis +   o - +0 short sword (drain)
rCold    . . .     Gourm    .   b - +0 robe
rNeg     . . .     Faith    .   (shield restricted)
rPois    .         Spirit   .   (helmet restricted)
rElec    .         Reflect  .   i - +2 cloak
rCorr    .         Harm     .   (gloves unavailable)
MR       ++...                  (boots unavailable)
Stlth    ++++++....             (no amulet)
Regen    0.2/turn               (no ring)
MPRegen  0.2/turn               h - ring of stealth

@: mighty, very quick
A: unfitting armour, see invisible, herbivore 3, speed 3, low mp 1, magic
resistance 1, robust 1, slow metabolism 2
a: no special abilities


You were on level 5 of the Dungeon.
You were very hungry.

You visited 1 branch of the dungeon, and saw 5 of its levels.

You collected 283 gold pieces.

Inventory:

Hand Weapons
 a - a +1 dagger
 o - a +0 short sword of draining (weapon)
Armour
 b - a +0 robe (worn)
 i - a +2 cloak (worn)
Jewellery
 h - a ring of stealth (left hand)
Scrolls
 k - a scroll of blinking
 m - 5 scrolls of remove curse
 r - 3 scrolls of teleportation
 s - 4 scrolls of amnesia
 u - a scroll of magic mapping
Potions
 c - a potion of haste
 e - a potion of flight
Comestibles
 d - 3 bread rations


   Skills:
 + Level 0.5 Fighting
 + Level 1.9 Short Blades
 + Level 3.6 Dodging
 + Level 12.1 Stealth
 + Level 4.3 Spellcasting
 + Level 5.3 Hexes


You had one spell level left.
You knew the following spells:

 Your Spells              Type           Power        Failure   Level  Hunger
a - Ensorcelled Hibernat  Hex/Ice        ##....       10%         2    ##.....
b - Corona                Hex            ###....      1%          1    None
c - Confuse               Hex            ###.....     6%          3    ###....
d - Tukima's Dance        Hex            ###.....     6%          3    ###....
e - Dazzling Spray        Conj/Hex       ##....       17%         3    ###....
f - Apportation           Tloc           #.....       14%         1    None


Dungeon Overview and Level Annotations

Branches:
Dungeon (5/15)
 Temple: D:4-7

Altars:
Fedhas
Nemelex Xobeh
Ru


Innate Abilities, Weirdness & Mutations

You are very small and have problems with some larger weapons.
You are too small for most types of armour.
You have supernaturally acute eyesight. (SInv)
You are a herbivore.
You cover ground extremely quickly.
You need consume almost no food.
Your magical capacity is low. (-10% MP)
You are resistant to hostile enchantments. (MR+)
You are robust. (+10% HP)


Message History

The deep elf knight closely misses you.
Casting: Confuse
Confirm with . or Enter, or press ? or * to list all spells.
You don't have enough magic to cast that spell.
Unknown command.
You feel very mighty all of a sudden.
The deep elf knight hits you with a long sword!
The deep elf mage gestures wildly while chanting.
The deep elf mage blinks!
You barely miss the deep elf knight.
The deep elf knight hits you with a long sword!
* * * LOW HITPOINT WARNING * * *
You feel much better.
The deep elf knight completely misses you.
The deep elf knight hits you with a long sword!
* * * LOW HITPOINT WARNING * * *
The deep elf knight gestures at you while chanting.
The orb of energy hits you!
Ouch! That really hurt!
You die...

.###.#.#####.#.#.##.#
...#.#.#####.#.#.##.#####
...#.#.......#.#........#
...#.######[.#.#....###.#
.............#.#e#### #.#
...#.######.##.#.# #.#
.............#.#.# #.#
.....#########.#.# #.#
.....<.........#@# #.#
.....#####.#...#.# #.#
....>........#†#.# #.#
###.#######..#.#.# #.####
###.# #..#.#.# #....#
†...# #....#.# ####.#
############.###.# #.#
...#.............# #.#
##.........#.##### #.#


You could see a deep elf knight.

Vanquished Creatures
  Sigmund (D:4)
  Edmund (D:4)
  An ice beast (D:5)
  The ghost of Magnus the Gusty, an amateur TeAE (D:3)
  A crimson imp (D:4)
  Crazy Yiuf (D:3)
  A bullfrog skeleton (D:4)
  A centaur skeleton (D:4)
  An iguana (D:5)
  3 orc wizards (D:4)
  A worker ant (D:4)
  A hound skeleton (D:5)
  4 gnolls
  6 adders
  3 oozes
  An adder skeleton (D:5)
  6 worms
  3 dart slugs
  8 leopard geckos
  13 orcs
  3 ball pythons
  6 giant cockroaches
  4 goblins
  10 hobgoblins
  6 jackals
  5 kobolds
  5 quokkas
  3 bats
  8 frilled lizards
  A jackal zombie (D:5)
  9 rats
  A fungus (D:3)
119 creatures vanquished.

Vanquished Creatures (collateral kills)
  3 gnolls (D:3)
3 creatures vanquished.

Grand Total: 122 creatures vanquished

Notes
Turn   | Place    | Note
-------+----------+-------------------------------------------
     0 | D:1      | Beneditct the Spriggan Enchanter began the quest for the Orb.
     0 | D:1      | Reached XP level 1. HP: 9/9 MP: 5/5
   647 | D:1      | Reached XP level 2. HP: 13/13 MP: 4/7
   695 | D:1      | Learned a level 2 spell: Ensorcelled Hibernation
  1415 | D:2      | Reached XP level 3. HP: 8/16 MP: 7/9
  1421 | D:2      | Learned a level 3 spell: Confuse
  1425 | D:2      | Learned a level 3 spell: Tukima's Dance
  2090 | D:2      | Found a sacrificial altar of Ru.
  2600 | D:1      | Reached skill level 5 in Hexes
  2670 | D:2      | Reached XP level 4. HP: 21/21 MP: 11/11
  3120 | D:3      | Reached skill level 5 in Stealth
  3900 | D:3      | Reached skill level 6 in Stealth
  3949 | D:3      | Reached XP level 5. HP: 15/24 MP: 5/12
  4092 | D:3      | Noticed Magnus's ghost (amateur TeAE)
  4263 | D:3      | Found a runed door.
  4267 | D:3      | Noticed Crazy Yiuf
  4271 | D:3      | Killed Crazy Yiuf
  4271 | D:3      | Reached skill level 7 in Stealth
  4449 | D:3      | Killed Magnus's ghost
  4449 | D:3      | Reached skill level 8 in Stealth
  4449 | D:3      | Reached XP level 6. HP: 22/28 MP: 6/13
  4798 | D:3      | Learned a level 3 spell: Dazzling Spray
  4800 | D:3      | Learned a level 1 spell: Apportation
  5209 | D:4      | Found a blossoming altar of Fedhas.
  5254 | D:4      | Noticed Edmund
  5271 | D:4      | Killed Edmund
  5271 | D:4      | Reached skill level 9 in Stealth
  5453 | D:4      | Noticed Sigmund
  5502 | D:4      | Reached skill level 10 in Stealth
  6064 | D:4      | Killed Sigmund
  6064 | D:4      | Reached skill level 11 in Stealth
  6064 | D:4      | Reached XP level 7. HP: 8/32 MP: 14/14
  6071 | D:4      | Found a sparkling altar of Nemelex Xobeh.
  7247 | D:4      | Reached skill level 12 in Stealth
  7819 | D:5      | Entered Level 5 of the Dungeon
  7876 | D:5      | Found a sparkling altar of Nemelex Xobeh.
  8654 | D:5      | Gained mutation: Your magical capacity is low. (-10% MP) [potion of mutation]
  8654 | D:5      | Gained mutation: You are resistant to hostile enchantments. (MR+) [potion of mutation]
  8654 | D:5      | Gained mutation: You are robust. (+10% HP) [potion of mutation]
  9171 | D:5      | Noticed a deep elf archer
  9171 | D:5      | Noticed a deep elf knight
  9172 | D:5      | Noticed a deep elf mage
  9194 | D:5      | Killed from afar by a deep elf knight

Vault maps used:
D:1:      saegor_arrival_simple_a, kennysheep_pointless_box
D:2:      nicolae_ru_path_of_blood, first_bread
D:3:      uniq_crazy_yiuf_cottage
D:4:      fedhas_altar_3, lemuel_doored_altar, uniq_sigmund, uniq_edmund
D:5:      nemelex_altar_shiori

Skill      XL: |  1  2  3  4  5  6  7 |
---------------+----------------------+-----
Spellcasting   | 3 4 |  4.3
Hexes          | 4 5 |  5.3
Stealth        | 6 8 11 12 | 12.1
Fighting       | |  0.5
Short Blades   | |  1.9
Dodging        | |  3.6

Action                   |  1- 3 |  4- 6 |  7- 9 || total
-------------------------+-------+-------+-------++-------
Melee: Dagger            |   123 |       |       ||   123
       Short sword       |    36 |   244 |   216 ||   496
 Cast: Corona            |     5 |       |     1 ||     6
       Ensorcelled Hiber |    15 |    13 |       ||    28
       Confuse           |     3 |     6 |    17 ||    26
       Tukima's Dance    |     2 |     7 |       ||     9
  Use: Scroll            |       |    10 |     3 ||    13
       Potion            |       |     4 |     9 ||    13
 Stab: Sleeping          |    10 |    13 |     7 ||    30
       Confused          |     1 |     2 |     2 ||     5
       Distracted        |       |     4 |     2 ||     6
  Eat: Royal jelly       |     1 |       |     1 ||     2
       Bread ration      |       |     1 |       ||     1
Armor: Robe              |    25 |    26 |    30 ||    81
Dodge: Dodged            |   126 |   183 |   174 ||   483
